 Dungeon Crawl Stone Soup version 0.17-a0-1850-g688e747 (webtiles) character file.

11 luca467 the Magician (level 2, -2/19 HPs)
             Began as a Mummy Wizard on Sept 18, 2015.
             Slain by a jackal (3 damage)
             ... on level 1 of the Dungeon.
             The game lasted 00:07:41 (700 turns).

luca467 the Magician (Mummy Wizard)                  Turns: 700, Time: 00:07:41

Health: -2/19      AC:  2    Str: 10    XL:     2   Next: 17%
Magic:  0/6        EV: 12    Int: 17    God:
Gold:   23         SH:  0    Dex: 10    Spells: 2 memorised, 4 levels left

rFire  x . .     SeeInvis .     (no weapon)
rCold  + . .     Clarity  .     a - +0 robe
rNeg   + + +     SustAt   .     (no shield)
rPois  ∞         Gourm    .     b - +0 hat
rElec  .         Spirit   .     (no cloak)
rCorr  .         Warding  .     (no gloves)
rMut   .         Stasis   .     (no boots)
MR     .....                    (no amulet)
Stlth  ++........               (no ring)
                                (no ring)

@: very slightly contaminated, not resistant to hostile enchantments, unstealthy
A: no food or potions, fire vulnerability, cold resistance 1, negative energy
resistance 3, torment resistance, unbreathing
a: no special abilities


You were on level 1 of the Dungeon.
You were not hungry.

You visited 1 branch of the dungeon, and saw 1 of its levels.

You collected 23 gold pieces.

Inventory:

Armour
 a - a +0 robe (worn)
 b - a +0 hat (worn)
Scrolls
 d - a scroll of identify {unknown}
 e - a scroll of random uselessness {unknown}
Books
 c - a book of Minor Magic

   Spells                             Type                      Level
   a - Magic Dart                     Conjuration                  1
   b - Blink                          Translocation                2
   c - Call Imp                       Summoning                    2
   d - Repel Missiles                 Charms/Air                   2
   e - Slow                           Hexes                        2
   f - Conjure Flame                  Conjuration/Fire             3
   g - Mephitic Cloud                 Conjuration/Poison/Air       3


   Skills:
 - Level 1.5 Dodging
 - Level 1.5 Stealth
 + Level 3.3 Spellcasting
 * Level 1.1 Conjurations
 * Level 0.8 Summonings
   Level 0.7 Translocations


You had 4 spell levels left.
You knew the following spells:

 Your Spells              Type           Power        Failure   Level  Hunger
a - Magic Dart            Conj           #...         14%         1    N/A
b - Call Imp              Summ           #.......     21%         2    N/A

Dungeon Overview and Level Annotations

Branches:
Dungeon (1/15)

Altars:
The Shining One


Innate Abilities, Weirdness & Mutations

You do not eat or drink.
Your flesh is vulnerable to fire.
You are immune to poison.
Your flesh is cold resistant.
You are immune to negative energy.
You are immune to unholy pain and torment.
You can survive without breathing.


Message History

Casting: Magic Dart
Confirm with . or Enter, or press ? or * to list all spells.
Aiming: Magic Dart
Press: ? - help, Shift-Dir - straight line, f/p - jackal
Aim: a jackal (heavily wounded)
You miscast Magic Dart.
Nothing appears to happen.
The jackal barely misses you. The jackal closely misses you.
The jackal barely misses you. The jackal bites you.
* * * LOW HITPOINT WARNING * * *
The jackal barely misses you.
Casting: Magic Dart
Confirm with . or Enter, or press ? or * to list all spells.
Aiming: Magic Dart
Press: ? - help, Shift-Dir - straight line, f/p - jackal
Aim: a jackal (heavily wounded)
The magic dart hits the jackal.
The jackal is heavily wounded.
The jackal completely misses you. The jackal bites you.
You die...

#.###..#..## #.# #..
####.##..###..####.###
#####.# ....#...##
##......... ......##
.###...##...##..##.#####
###....
.###..##..#..##..#.....#
#......
.#...##..#.#..##...#.#.#
#.##.## ...### .#._.#.
###...#.# #.##.##
##...##..#.#..##...###.#
#.#...# ###..##..#..+#.@###
#5# #...... ##..##...##.h##
#.# ##....)# ##..##.##..##
#.###.##...#
##..###..########.##.###....
##..#...............# #....
##.#...###########.#####..
#....## ##.###... ##...#
##...... #..## ####.##


You could see a jackal.

Vanquished Creatures
  3 goblins (D:1)
  A jackal (D:1)
  A ball python (D:1)
  2 bats (D:1)
  A giant newt (D:1)
  2 kobolds (D:1)
  A rat (D:1)
11 creatures vanquished.

Notes
Turn   | Place    | Note
--------------------------------------------------------------
     0 | D:1      | luca467 the Mummy Wizard began the quest for the Orb.
     0 | D:1      | Reached XP level 1. HP: 13/13 MP: 4/4
   290 | D:1      | Reached skill level 1 in Conjurations
   392 | D:1      | Reached XP level 2. HP: 11/19 MP: 0/6
   586 | D:1      | Found a glowing golden altar of the Shining One.
   590 | D:1      | Learned a level 2 spell: Call Imp
   700 | D:1      | Slain by a jackal

Vault maps used:
D:1:      eino_arrival_water_cross, tso_metal_star

Action                   || total
-------------------------++-------
Melee: Unarmed           ||     4
 Cast: Magic Dart        ||    29
       Call Imp          ||     2
